[Event "Titled Tuesday Blitz June 28 Early 2022"]
[White "Richter, Nils"]
[Black "Vovk, Orest"]
[WhiteFideId "12990809"]
[BlackFideId "14113490"]
[WhiteElo "2311"]
[BlackElo "2203"]
[Result "1/2-1/2"]
[Round "04"]
[TimeControl "180+1"]
[Date "2022.06.28"]
[WhiteClock "0:00:52"]
[BlackClock "0:00:14"]

1. Nf3 Nf6 2. g3 h6 3. Bg2 g5 4. O-O g4 5. Nh4 e6 6. e4 Be7 7. e5 Nh7 8. Qxg4 Bxh4 9. Qxh4 Qxh4 10. gxh4 Nc6 11. Re1 Rg8 12. c3 b6 13. d4 Bb7 14. f3 Nxd4 15. cxd4 Bxf3 16. Kf2 Rxg2+ 17. Kxf3 Rxh2 18. Nc3 Rxh4 19. Rg1 O-O-O 20. Rg7 Ng5+ 21. Bxg5 hxg5 22. Ne2 Rh3+ 23. Ng3 Rf8 24. Rh1 Rxh1 25. Nxh1 f6 26. exf6 Rxf6+ 27. Ke2 Rf4 28. Ke3 Rf1 29. Nf2 Rg1 30. Ne4 g4 31. Kf4 Rg2 32. Rxg4 Rxb2 33. a3 Rb3 34. Rg3 Rxg3 35. Nxg3 d6 36. Ke4 c5 37. Ne2 Kd7 38. d5 b5 39. Nf4 exd5+ 40. Kxd5 a5 41. Nd3 a4 42. Nxc5+ dxc5 43. Kxc5 Kc7 44. Kxb5 Kb7 45. Kxa4 Ka6 46. Kb4 Kb6 47. a4 Ka6 48. a5 Ka7 49. Ka4 Kb7 50. Kb4 Ka7 51. Kb5 Kb7 52. a6+ Ka7 53. Ka5 Ka8 54. Kb6 Kb8 55. a7+ Ka8 56. Ka6 1/2-1/2


[Site "https://www.chess.com"]

[Event "Titled Tuesday Blitz June 28 Early 2022"]
[White "Rom, Jasper"]
[Black "Gardezi, Arsal"]
[WhiteFideId "2023733"]
[BlackFideId "30949521"]
[WhiteElo "2233"]
[BlackElo "1781"]
[Result "1-0"]
[Round "04"]
[TimeControl "180+1"]
[Date "2022.06.28"]
[WhiteClock "0:00:12"]
[BlackClock "0:00:25"]

1. e4 e5 2. Nf3 Nc6 3. Bb5 a6 4. Bxc6 dxc6 5. O-O Bd6 6. d4 f6 7. dxe5 fxe5 8. Nxe5 Bxe5 9. Qh5+ Kf8 10. Qxe5 Nf6 11. Nc3 Kf7 12. Bg5 Qe8 13. Bxf6 gxf6 14. Qxc7+ Bd7 15. Rad1 Rd8 16. Qxb7 Rg8 17. Rd3 Qe7 18. Rfd1 Rxg2+ 19. Kf1 Rxf2+ 20. Kxf2 Qc5+ 21. Kf1 Qc4 22. b3 Qe6 23. Rxd7+ Ke8 24. Rxd8# 1-0


[Site "https://www.chess.com"]

[Event "Titled Tuesday Blitz June 28 Early 2022"]
[White "Rosen, Eric"]
[Black "Thorhallsson, Simon"]
[WhiteFideId "2032562"]
[BlackFideId "2310090"]
[WhiteElo "2362"]
[BlackElo "2137"]
[Result "1-0"]
[Round "04"]
[TimeControl "180+1"]
[Date "2022.06.28"]
[WhiteClock "0:01:17"]
[BlackClock "0:00:21"]

1. d4 Nf6 2. Bf4 e6 3. e3 d5 4. Nf3 Be7 5. Nbd2 O-O 6. Ne5 c5 7. c3 Nc6 8. Bd3 Nd7 9. Nxc6 bxc6 10. O-O a5 11. Qe2 f5 12. Nf3 Qb6 13. b3 a4 14. Qc2 Ba6 15. c4 Bf6 16. Rfd1 cxd4 17. exd4 axb3 18. axb3 c5 19. cxd5 cxd4 20. Rxa6 Rxa6 21. dxe6 Qxe6 22. Bc4 1-0


[Site "https://www.chess.com"]

[Event "Titled Tuesday Blitz June 28 Early 2022"]
[White "Rychagov, Andrey"]
[Black "Espinosa Veloz, Ermes"]
[WhiteFideId "4119932"]
[BlackFideId "3507424"]
[WhiteElo "2460"]
[BlackElo "2333"]
[Result "1-0"]
[Round "04"]
[TimeControl "180+1"]
[Date "2022.06.28"]
[WhiteClock "0:00:25"]
[BlackClock "0:00:05"]

1. d4 d5 2. c4 c6 3. Nf3 Nf6 4. Nc3 dxc4 5. a4 Bf5 6. Ne5 Nbd7 7. Nxc4 Qc7 8. Bg5 e6 9. f3 Bb4 10. e4 Bg6 11. Be2 O-O 12. O-O h6 13. Be3 Rad8 14. Qb3 a5 15. Na2 Be7 16. Qc3 b6 17. Rfd1 c5 18. Na3 Qb8 19. Nb5 cxd4 20. Nxd4 Ne5 21. Qb3 Rc8 22. Nc3 Bc5 23. Ba6 Neg4 24. fxg4 Nxg4 25. g3 Nxe3 26. Bxc8 Nxd1 27. Rxd1 e5 28. Bf5 Bxd4+ 29. Kg2 Bxf5 30. exf5 Qb7+ 31. Qd5 Qxd5+ 32. Nxd5 Bxb2 33. Nxb6 Rb8 34. Rd6 Bd4 35. Nc4 Rb4 36. Nxa5 Rxa4 37. Nc6 Ra2+ 38. Kf3 Bc3 39. Rd8+ Kh7 40. Rd7 Kg8 41. Ne7+ Kh7 42. Nd5 Rd2 43. h4 h5 44. f6 gxf6 45. Rxf7+ Kg8 46. Rd7 Kf8 47. Nxf6 Rxd7 48. Nxd7+ Ke7 49. Nc5 Be1 50. Ne4 Ke6 51. Ke2 Kf5 52. Kf3 Bd2 53. Nxd2 1-0


[Site "https://www.chess.com"]

[Event "Titled Tuesday Blitz June 28 Early 2022"]
[White "Sadhwani, Raunak"]
[Black "Beerdsen, Thomas"]
[WhiteFideId "35093487"]
[BlackFideId "1030108"]
[WhiteElo "2616"]
[BlackElo "2585"]
[Result "1-0"]
[Round "04"]
[TimeControl "180+1"]
[Date "2022.06.28"]
[WhiteClock "0:00:23"]
[BlackClock "0:00:04"]

1. e4 c5 2. Nf3 Nc6 3. Nc3 Nf6 4. Bb5 Qc7 5. O-O e6 6. Re1 Nd4 7. e5 Nxb5 8. Nxb5 Qc6 9. c4 Nd5 10. cxd5 Qxb5 11. d6 b6 12. d4 Bb7 13. Be3 cxd4 14. Bxd4 g6 15. Bc3 Bh6 16. Qd4 Bxf3 17. gxf3 O-O 18. Qh4 Bg7 19. f4 Rfc8 20. Re3 Rc4 21. Rae1 h5 22. Qg5 Rac8 23. h3 a5 24. a3 Qa4 25. Rf3 b5 26. f5 b4 27. fxg6 fxg6 28. Qxg6 bxc3 29. Rg3 Rg4 30. hxg4 h4 31. Rxc3 Rxc3 32. bxc3 Qxa3 33. Re3 Qc1+ 34. Kg2 Qd1 35. Rf3 Qd5 36. Qe8+ Kh7 37. Qh5+ Kg8 38. Qxh4 Qxe5 39. Qd8+ Kh7 40. Rh3+ Kg6 41. Qe8+ Kf6 42. Rf3+ 1-0


[Site "https://www.chess.com"]

[Event "Titled Tuesday Blitz June 28 Early 2022"]
[White "Sadubayev, Airat"]
[Black "Bintang, Rasyid A. Hidayat"]
[WhiteFideId "13713264"]
[BlackFideId "7105355"]
[WhiteElo "2230"]
[BlackElo "2375"]
[Result "1-0"]
[Round "04"]
[TimeControl "180+1"]
[Date "2022.06.28"]
[WhiteClock "0:00:02"]
[BlackClock "0:00:31"]

1. d4 d5 2. c4 Nc6 3. Nc3 Nf6 4. Nf3 Bf5 5. Bf4 e6 6. e3 Bb4 7. Rc1 Ne4 8. Be2 Nxc3 9. bxc3 Ba3 10. Rb1 Bxb1 11. Qxb1 O-O 12. c5 b5 13. Qxb5 Qd7 14. Qb3 Bc1 15. O-O Rfb8 16. Qa4 Bb2 17. Bb5 Rxb5 18. Qxb5 Rb8 19. Qa6 Bxc3 20. Ne5 Nxe5 21. Bxe5 f6 22. Qxa7 Qc8 23. Bg3 Rb2 24. a4 e5 25. c6 Rb6 26. dxe5 fxe5 27. Rc1 Bb2 28. Rd1 Rxc6 29. h3 Qe6 30. Qb8+ Kf7 31. Qxb2 e4 32. Qd4 Rc4 33. Qxd5 Rxa4 34. Qxe6+ Kxe6 35. Bxc7 Rc4 36. Bg3 1-0


[Site "https://www.chess.com"]

[Event "Titled Tuesday Blitz June 28 Early 2022"]
[White "Sadykov, Ramil"]
[Black "Kohler, Aran"]
[WhiteFideId "24113590"]
[BlackFideId "1002856"]
[WhiteElo "2226"]
[BlackElo "2249"]
[Result "0-1"]
[Round "04"]
[TimeControl "180+1"]
[Date "2022.06.28"]
[WhiteClock "0:00:05"]
[BlackClock "0:00:15"]

1. e4 c6 2. d4 d5 3. exd5 cxd5 4. Bd3 a6 5. c3 Nc6 6. Bf4 Nf6 7. Nd2 Bg4 8. Qb3 Qc8 9. h3 Bh5 10. Ngf3 Bg6 11. Bxg6 hxg6 12. O-O e6 13. Rfe1 Be7 14. Ne5 O-O 15. Nd3 Na5 16. Qa4 Nc4 17. Nxc4 dxc4 18. Ne5 b5 19. Qd1 Nd5 20. Bg3 Bf6 21. Ng4 Ra7 22. Qf3 Qd8 23. Re2 a5 24. Rae1 b4 25. Be5 bxc3 26. bxc3 Re8 27. Bxf6 gxf6 28. h4 Kg7 29. g3 Rb7 30. Kg2 Rh8 31. Rh1 a4 32. Rc2 a3 33. Qe2 Qb8 34. Qxc4 Rb2 35. Rhc1 Rc8 36. Qd3 Qf4 37. Ne3 Nxe3+ 38. fxe3 Qd6 39. c4 Qc6+ 40. Kh2 Rh8 41. c5 f5 42. d5 Qxd5 43. Qc3+ e5 44. Rxb2 axb2 45. Qxb2 Qe4 46. Re1 g5 47. Qf2 gxh4 48. Rg1 hxg3+ 49. Kxg3 Kf6 50. Qf3 Rg8+ 51. Kf2 Qxf3+ 52. Kxf3 Rxg1 53. Ke2 Rc1 54. Kf2 Rxc5 0-1


[Site "https://www.chess.com"]

[Event "Titled Tuesday Blitz June 28 Early 2022"]
[White "Sahil, Tickoo"]
[Black "Coto Mederos, Michel"]
[WhiteFideId "5019710"]
[BlackFideId "3508528"]
[WhiteElo "2047"]
[BlackElo "2427"]
[Result "0-1"]
[Round "04"]
[TimeControl "180+1"]
[Date "2022.06.28"]
[WhiteClock "0:00:09"]
[BlackClock "0:00:05"]

1. d4 d5 2. Bf4 Nf6 3. e3 c5 4. c3 Nc6 5. Nd2 Qb6 6. Qb3 c4 7. Qc2 e6 8. Ngf3 Qd8 9. e4 b5 10. a3 Be7 11. Be2 O-O 12. e5 Ne8 13. Rd1 Bd7 14. h4 f5 15. Bg5 a5 16. Nf1 b4 17. axb4 axb4 18. Bxe7 Qxe7 19. h5 Nc7 20. h6 g6 21. Qc1 Nb5 22. Ng3 bxc3 23. bxc3 Ra3 24. Nh5 gxh5 25. Rxh5 Kh8 26. Rg5 Rxc3 27. Qf4 Rxf3 28. Bxf3 Nbxd4 29. Rg7 Nxf3+ 30. gxf3 Rf7 31. Rg1 Qb4+ 32. Kf1 Qb8 33. Re1 c3 34. Rg7 Rxg7 35. hxg7+ Kg8 36. Qh6 d4 37. f4 d3 38. Kg2 Qe8 39. Kf3 Qg6 40. Qh4 Nd4+ 41. Ke3 Nc2+ 42. Kxd3 Nxe1+ 43. Ke2 Qg4+ 44. Qxg4 fxg4 45. Kxe1 Kxg7 46. Ke2 Bb5+ 47. Kd1 Bd3 48. f3 gxf3 49. f5 exf5 50. e6 Kf6 51. e7 Kxe7 52. Kc1 f2 53. Kd1 0-1


[Site "https://www.chess.com"]

[Event "Titled Tuesday Blitz June 28 Early 2022"]
[White "Saito, Vinicius"]
[Black "Omariev, Maksim"]
[WhiteFideId "2113384"]
[BlackFideId "4193423"]
[WhiteElo "2168"]
[BlackElo "2469"]
[Result "0-1"]
[Round "04"]
[TimeControl "180+1"]
[Date "2022.06.28"]
[WhiteClock "0:01:18"]
[BlackClock "0:01:35"]

1. e4 c5 2. Nf3 d6 3. d4 cxd4 4. Nxd4 Nf6 5. Nc3 a6 6. Bg5 Nbd7 7. f4 h6 8. Bh4 Qc7 9. Qf3 g5 10. fxg5 hxg5 11. Bxg5 Qc5 12. Be3 Ne5 13. Qe2 Neg4 14. Bg1 Bh6 15. Nb3 Qg5 16. h3 Qh4+ 17. Kd1 Be6 18. Nd4 O-O-O 19. Nf3 Qh5 20. Bb6 Rd7 21. Nb1 Kb8 22. c3 Rc8 23. Nbd2 d5 24. e5 Ne4 25. Kc2 Bf5 26. Kb3 Nc5+ 27. Ka3 Ne3 28. b4 Nc2+ 29. Kb2 Na4+ 30. Kb3 Rxc3+ 31. Kxa4 Ra3# 0-1


[Site "https://www.chess.com"]

[Event "Titled Tuesday Blitz June 28 Early 2022"]
[White "Sargissyan, Sargis"]
[Black "Ciuffoletti, Paolo"]
[WhiteFideId "13303210"]
[BlackFideId "807630"]
[WhiteElo "2174"]
[BlackElo "2143"]
[Result "1-0"]
[Round "04"]
[TimeControl "180+1"]
[Date "2022.06.28"]
[WhiteClock "0:00:14"]
[BlackClock "0:00:15"]

1. e4 c5 2. Nc3 Nc6 3. Bb5 e6 4. Bxc6 bxc6 5. f4 d5 6. Nf3 Nf6 7. d3 Be7 8. O-O Ba6 9. Qe2 c4 10. d4 Qb6 11. e5 Ne4 12. Nxe4 c3 13. Qe1 Bxf1 14. Nxc3 Ba6 15. f5 c5 16. f6 gxf6 17. exf6 cxd4 18. Nxd5 Qc5 19. Nxe7 d3+ 20. Be3 Qxc2 21. Qa5 Bb7 22. Qb5+ Kf8 23. Qxb7 Rd8 24. Rc1 Qd2 25. Bxd2 1-0


[Site "https://www.chess.com"]

[Event "Titled Tuesday Blitz June 28 Early 2022"]
[White "Sargsyan, Anna M."]
[Black "Jakubowska, Anna"]
[WhiteFideId "13308130"]
[BlackFideId "1121952"]
[WhiteElo "2271"]
[BlackElo "1878"]
[Result "1-0"]
[Round "04"]
[TimeControl "180+1"]
[Date "2022.06.28"]
[WhiteClock "0:00:19"]
[BlackClock "0:00:01"]

1. d4 d5 2. c4 c6 3. Nf3 Nf6 4. Nc3 e6 5. e3 Nbd7 6. Bd3 dxc4 7. Bxc4 b5 8. Bd3 a6 9. a4 b4 10. Ne4 c5 11. O-O Bb7 12. Ned2 cxd4 13. exd4 Be7 14. Qe2 O-O 15. Nc4 Rc8 16. Bf4 Nb6 17. Nce5 b3 18. Rfc1 Qd5 19. Bxa6 Rxc1+ 20. Bxc1 Ra8 21. Bxb7 Qxb7 22. Qb5 Qc7 23. Qxb3 Rxa4 24. Rb1 Rb4 25. Qd3 Nbd5 26. Bd2 Rb8 27. h3 h6 28. Rc1 Qb7 29. Nc6 Rd8 30. Nxd8 Bxd8 31. b4 Nxb4 32. Qb3 Nfd5 33. Rb1 Be7 34. Ne5 Qc7 35. Qf3 Bd6 36. Rc1 Qa7 37. Rc8+ Kh7 38. Qxf7 Qa1+ 39. Kh2 Bxe5+ 40. dxe5 Qxe5+ 41. g3 Nd3 42. Bxh6 Ne1 43. Bxg7 Qxg7 44. Qh5+ Qh6 45. Rh8+ 1-0


[Site "https://www.chess.com"]

[Event "Titled Tuesday Blitz June 28 Early 2022"]
[White "Sarkar, Justin"]
[Black "Bringas Gomez, Artai"]
[WhiteFideId "2010011"]
[BlackFideId "24534064"]
[WhiteElo "2020"]
[BlackElo "1988"]
[Result "1-0"]
[Round "04"]
[TimeControl "180+1"]
[Date "2022.06.28"]
[WhiteClock "0:00:04"]
[BlackClock "0:00:55"]

1. e4 c5 2. Nf3 d6 3. d4 cxd4 4. Nxd4 Nf6 5. Nc3 g6 6. Be2 Bg7 7. O-O O-O 8. Be3 b6 9. Bf3 e5 10. Ndb5 Ne8 11. Nd5 Nd7 12. c4 Bb7 13. Qd2 Nc5 14. Bg5 f6 15. Be3 Ne6 16. Rad1 Qd7 17. g3 Qf7 18. Bg2 f5 19. f4 exf4 20. Nxf4 Nc5 21. exf5 Bxg2 22. Qxg2 Rc8 23. fxg6 Qxc4 24. gxh7+ Kh8 25. Ng6+ Kxh7 26. Nxf8+ Kg8 27. Ng6 Qxb5 28. Ne7+ Kh8 29. Nxc8 Qd7 30. Nxd6 Nf6 31. Qf3 Kg8 32. Nf5 Qe6 33. Nxg7 Kxg7 34. Bd4 Nd7 35. Rde1 Qd6 36. Bxf6+ Nxf6 37. Qxf6+ Qxf6 38. Rxf6 b5 39. Rfe6 b4 40. Re7+ Kf6 41. Rxa7 Kf5 42. Rb7 b3 43. Rxb3 Kg4 44. Rb4+ Kh3 45. Rh4# 1-0


[Site "https://www.chess.com"]

[Event "Titled Tuesday Blitz June 28 Early 2022"]
[White "Seliverstov, Vladimir"]
[Black "Yang, Kaiqi"]
[WhiteFideId "4192036"]
[BlackFideId "8604398"]
[WhiteElo "2489"]
[BlackElo "2373"]
[Result "1-0"]
[Round "04"]
[TimeControl "180+1"]
[Date "2022.06.28"]
[WhiteClock "0:00:28"]
[BlackClock "0:00:01"]

1. d4 e6 2. c4 f5 3. g3 Nf6 4. Bg2 d5 5. Nf3 c6 6. O-O Bd6 7. b3 Qe7 8. Bb2 O-O 9. Qc1 Ne4 10. Ba3 Bxa3 11. Qxa3 Qxa3 12. Nxa3 Nd7 13. Rfc1 a5 14. Nb1 a4 15. b4 a3 16. Nc3 b6 17. b5 Bb7 18. cxd5 cxd5 19. Nxe4 dxe4 20. Rc7 exf3 21. Rxb7 fxg2 22. Rxd7 Ra5 23. Rb1 Rc8 24. Rd6 Rc2 25. Rxb6 Rxa2 26. Ra6 Rb2 27. Rxa5 Rxb1+ 28. Kxg2 Kf7 29. Rxa3 Rxb5 30. Ra7+ Kf6 31. Ra6 g5 32. h3 h5 33. e3 g4 34. h4 Rd5 35. Ra8 Rb5 36. Rh8 Kg6 37. Rg8+ Kf6 38. Rg5 e5 39. dxe5+ Rxe5 40. Rxh5 Kg6 41. Rg5+ Kf6 42. Rg8 Ra5 43. e4 fxe4 44. Rxg4 Ra4 45. Kh3 e3 46. Rxa4 1-0


[Site "https://www.chess.com"]

[Event "Titled Tuesday Blitz June 28 Early 2022"]
[White "Shimanov, Aleksandr"]
[Black "So, Wesley"]
[WhiteFideId "4198603"]
[BlackFideId "5202213"]
[WhiteElo "2605"]
[BlackElo "2742"]
[Result "0-1"]
[Round "04"]
[TimeControl "180+1"]
[Date "2022.06.28"]
[WhiteClock "0:00:01"]
[BlackClock "0:00:48"]

1. e4 e5 2. Nf3 Nc6 3. Nc3 Nf6 4. h3 Bb4 5. Nd5 Bc5 6. c3 Nxe4 7. d4 exd4 8. Bd3 Nf6 9. Bg5 Be7 10. Bxf6 Bxf6 11. Qe2+ Kf8 12. O-O dxc3 13. Rfe1 cxb2 14. Rad1 g6 15. Qd2 Kg7 16. Re4 d6 17. Nxf6 Qxf6 18. Rf4 Qe7 19. Qxb2+ f6 20. Re1 Ne5 21. Rfe4 Re8 22. Nd4 c5 23. f4 cxd4 24. fxe5 dxe5 25. Bb5 Rd8 26. g4 h6 27. Qf2 Bd7 28. Bd3 Bc6 29. Qe2 Rf8 30. Rf4 Rae8 31. Rxd4 Qc5 0-1


[Site "https://www.chess.com"]

[Event "Titled Tuesday Blitz June 28 Early 2022"]
[White "Shohat, Yotam"]
[Black "Barp, Alberto"]
[WhiteFideId "2813955"]
[BlackFideId "872555"]
[WhiteElo "2119"]
[BlackElo "2229"]
[Result "1/2-1/2"]
[Round "04"]
[TimeControl "180+1"]
[Date "2022.06.28"]
[WhiteClock "0:00:02"]
[BlackClock "0:00:02"]

1. e4 Nc6 2. d4 d6 3. Nf3 Nf6 4. Nc3 g6 5. d5 Nb8 6. h3 Bg7 7. Bc4 O-O 8. O-O a6 9. a4 c6 10. Re1 Nbd7 11. Bg5 h6 12. Bf4 Kh7 13. Qd2 Qc7 14. Bf1 Re8 15. e5 dxe5 16. Nxe5 Nh5 17. Nxg6 Nxf4 18. Nxf4 Nf6 19. Rad1 Kg8 20. dxc6 bxc6 21. Bc4 Rb8 22. Bb3 e5 23. Ng6 Rxb3 24. cxb3 fxg6 25. Qd3 Kh7 26. Qc4 Bf8 27. f4 exf4 28. Rxe8 Nxe8 29. Ne4 Bf5 30. Re1 Nd6 31. Nxd6 Bxd6 32. Re8 Qa7+ 33. Kh1 h5 34. Qg8+ Kh6 35. h4 a5 36. Qh8+ Qh7 37. Qf6 Bb4 38. Rh8 Bd2 39. Rxh7+ Kxh7 40. Qe7+ Kh6 41. Qf8+ Kh7 42. Qf7+ Kh6 43. Qf6 Kh7 44. Qd4 Bb4 45. Qxf4 c5 46. Qc7+ Kh6 47. Qf4+ Kg7 48. Qe5+ Kf7 49. Kg1 Be6 50. Qf4+ Kg8 51. Qe3 Kf7 52. Qd3 Bf5 53. Qd5+ Be6 54. Qb7+ Kf6 55. Qf3+ Ke5 56. Kf2 Bd5 57. Qe3+ Kf6 58. Qf4+ Ke6 59. Qg5 Be4 60. Ke3 Bf5 61. Qd8 Ke5 62. Qe7+ Kd5 63. Qf6 Bb1 64. Qf7+ Ke5 65. Qe7+ Kd5 66. Qd7+ Ke5 67. Qd1 Bf5 68. Kf3 Ke6 69. Qe2+ Kd5 70. Qa6 Kd4 71. Qc4+ Ke5 72. Qa6 Kd5 73. Qb7+ Ke5 74. Qe7+ Kd5 75. Kf4 Bd2+ 76. Kg3 Bb4 77. Qf7+ Kd4 78. Qf6+ Kd3 79. Qd6+ Kc2 80. Qd5 Kxb2 81. Kf4 Kc3 82. Kg5 Kb2 83. Kf6 Bc2 84. Kg5 Bxb3 85. Qe5+ Bc3 86. Qxc5 Bc2 87. Qb6+ Bb4 88. Qe6 Ka3 89. Qf6 Bf5 90. Qg7 Kxa4 91. Kh6 Bc2 92. Qf7 Ka3 93. Qd7 a4 94. Qd4 Kb3 95. Qe3+ Bc3 96. Qb6+ Ka2 97. Qc5 Kb2 98. Qb5+ Bb3 99. Qe2+ Bc2 100. Qb5+ Kc1 101. Qf1+ Kb2 102. Qb5+ 1/2-1/2


[Site "https://www.chess.com"]

[Event "Titled Tuesday Blitz June 28 Early 2022"]
[White "Shtyka, Sergey"]
[Black "Blokhin, Sofia"]
[WhiteFideId "4138465"]
[BlackFideId "4508190"]
[WhiteElo "2014"]
[BlackElo "1760"]
[Result "0-1"]
[Round "04"]
[TimeControl "180+1"]
[Date "2022.06.28"]
[WhiteClock "0:00:08"]
[BlackClock "0:00:08"]

1. e4 c5 2. Nf3 e6 3. d4 cxd4 4. Nxd4 a6 5. Nc3 Qc7 6. Bd3 Nf6 7. Be3 Bb4 8. O-O O-O 9. f4 Bc5 10. e5 Ne8 11. Qh5 g6 12. Qh6 Nc6 13. Ne4 Be7 14. Rf3 f5 15. Ng5 Bxg5 16. Qxg5 Qd8 17. Qh6 Nxd4 18. Bxd4 b5 19. Rh3 Rf7 20. Be2 Bb7 21. Bf3 Bxf3 22. Rxf3 Nc7 23. h4 Qf8 24. Qg5 Qd8 25. Qh6 Qf8 26. Qg5 Qd8 27. Qg3 Rg7 28. Rd1 Nd5 29. b3 Rc8 30. c3 Qa5 31. Rd2 Qa3 32. Qe1 Qa5 33. Rdd3 Qxa2 34. Qd1 Qa5 35. Qd2 Qa1+ 36. Rf1 Qa5 37. g3 Qd8 38. Rc1 h6 39. c4 bxc4 40. bxc4 Ne7 41. Bc3 Nc6 42. Rb1 g5 43. hxg5 hxg5 44. Rb7 Rc7 45. Rxc7 Qxc7 46. Kf2 gxf4 47. Qxf4 Rg4 48. Qh6 Nxe5 49. Re3 Nxc4 0-1


[Site "https://www.chess.com"]

[Event "Titled Tuesday Blitz June 28 Early 2022"]
[White "Silva Lucena, Cristian"]
[Black "Perez Gormaz, Matias"]
[WhiteFideId "2232588"]
[BlackFideId "3406342"]
[WhiteElo "2223"]
[BlackElo "2341"]
[Result "0-1"]
[Round "04"]
[TimeControl "180+1"]
[Date "2022.06.28"]
[WhiteClock "0:01:33"]
[BlackClock "0:01:48"]

1. e4 d5 2. exd5 Qxd5 3. Nc3 Qd8 4. d4 Nf6 5. Nf3 g6 6. h3 Bg7 7. Be3 c6 8. Qd2 Nbd7 9. O-O-O e6 10. Bh6 O-O 11. Bxg7 Kxg7 12. h4 h5 13. Qg5 Ng4 14. Qxd8 Rxd8 15. Rd2 b6 16. Ne4 Ndf6 17. Nfg5 Bb7 18. f3 Ne3 19. Rd3 Nxf1 20. Rxf1 Ba6 21. Rfd1 Bxd3 22. Rxd3 Rd7 23. c3 Rad8 24. Re3 Nd5 25. Re1 Nf4 26. Kc2 Nxg2 27. Re2 Nxh4 28. a4 Re7 29. a5 f6 30. Nh3 e5 31. dxe5 Rxe5 32. axb6 axb6 33. f4 Re7 0-1


[Site "https://www.chess.com"]

[Event "Titled Tuesday Blitz June 28 Early 2022"]
[White "Silvestre, Christian"]
[Black "Bellahcene, Bilel"]
[WhiteFideId "30956269"]
[BlackFideId "696358"]
[WhiteElo "2344"]
[BlackElo "2543"]
[Result "1/2-1/2"]
[Round "04"]
[TimeControl "180+1"]
[Date "2022.06.28"]
[WhiteClock "0:01:12"]
[BlackClock "0:00:55"]

1. Nf3 d5 2. e4 dxe4 3. Ng5 Bf5 4. g4 Bg6 5. Bg2 Nf6 6. Nc3 h6 7. Ngxe4 Nxe4 8. Nxe4 e6 9. Qe2 c6 10. c3 Nd7 11. d4 Nf6 12. Bf4 Nxe4 13. Bxe4 Bxe4 14. Qxe4 Qd5 15. Qxd5 exd5 16. Ke2 Kd7 17. Rae1 Bd6 18. Kf3 Rae8 19. h4 h5 20. g5 g6 21. Bxd6 Kxd6 22. Kf4 b6 23. f3 c5 24. Rhf1 a5 25. Rg1 a4 26. Rgf1 c4 27. a3 Re6 28. Rxe6+ fxe6 29. Re1 Rf8+ 30. Kg3 Rf5 31. f4 Rf7 32. Re3 Rf5 1/2-1/2


[Site "https://www.chess.com"]

[Event "Titled Tuesday Blitz June 28 Early 2022"]
[White "Snehal, Bhosale"]
[Black "Aradhya, Garg"]
[WhiteFideId "5021995"]
[BlackFideId "25006746"]
[WhiteElo "2103"]
[BlackElo "2203"]
[Result "1-0"]
[Round "04"]
[TimeControl "180+1"]
[Date "2022.06.28"]
[WhiteClock "0:00:14"]
[BlackClock "0:00:06"]

1. d4 d5 2. c4 c6 3. Nc3 Nf6 4. e3 Bf5 5. cxd5 cxd5 6. Qb3 Nc6 7. Qxb7 Bd7 8. Qb3 Rb8 9. Qd1 e5 10. dxe5 Nxe5 11. Nf3 Nxf3+ 12. gxf3 Bc6 13. Bh3 Bc5 14. Ne2 O-O 15. a3 d4 16. Nxd4 Bxd4 17. exd4 Re8+ 18. Be3 Qa5+ 19. b4 Qh5 20. Bg2 a5 21. Rc1 Bd7 22. Rc5 Bf5 23. Rxa5 Qg6 24. O-O Ra8 25. Kh1 Rxa5 26. bxa5 Nd5 27. Qd2 Rc8 28. Rc1 Qa6 29. Rxc8+ Qxc8 30. Bf1 h6 31. a6 Qc6 32. Qc1 Qa8 33. Bb5 Nc7 34. Qc6 Qxc6 35. Bxc6 Nxa6 36. Bf4 Bc8 37. d5 Nc5 38. Bd6 Nb7 39. Bb4 Nd8 40. Bb5 Bb7 41. Bc4 Bc8 42. a4 g5 43. a5 g4 44. fxg4 Bxg4 45. a6 Bc8 46. Ba5 Ne6 47. dxe6 fxe6 48. a7 Bb7+ 49. Kg1 Kf7 50. Bf1 e5 51. Bg2 e4 52. Kf1 Ke6 53. Ke2 Ke5 54. Ke3 Kf5 55. f3 exf3 56. Bxf3 Bxf3 57. Kxf3 Kg5 58. a8=Q Kh4 59. Qd8+ Kh5 60. Qd5+ Kh4 61. Bd8+ Kh3 62. Qh5# 1-0


[Site "https://www.chess.com"]

[Event "Titled Tuesday Blitz June 28 Early 2022"]
[White "Suleymanli, Suleyman"]
[Black "Agasarov, Benik"]
[WhiteFideId "13416375"]
[BlackFideId "13314823"]
[WhiteElo "1598"]
[BlackElo "2704"]
[Result "1-0"]
[Round "04"]
[TimeControl "180+1"]
[Date "2022.06.28"]
[WhiteClock "0:01:14"]
[BlackClock "0:01:14"]

1. Nf3 c5 2. g3 Nc6 3. d4 cxd4 4. Nxd4 Nf6 5. Bg2 h5 6. h4 e5 7. Nxc6 bxc6 8. O-O Bc5 9. c4 a5 10. Nc3 Ba6 11. Bg5 Rb8 12. Ne4 Be7 13. Nd6+ Kf8 14. b3 Ne8 15. Ne4 f6 16. Be3 d5 17. Nc5 Bc8 18. cxd5 cxd5 19. Bxd5 Nc7 20. Bc4 Bh3 21. Qxd8+ Rxd8 22. Rfd1 Rc8 23. Nd7+ Ke8 24. Nb6 Rb8 25. Rac1 Ba3 26. Rc2 Bf5 27. Bd3 Bxd3 28. Rxc7 Bxe2 29. Rdd7 Bf8 30. Rb7 Rxb7 31. Rxb7 Bf3 32. Ra7 g5 33. hxg5 h4 34. gxf6 hxg3 35. f7+ Kd8 36. Rd7# 1-0


[Site "https://www.chess.com"]

[Event "Titled Tuesday Blitz June 28 Early 2022"]
[White "Taboas Rodriguez, Daniel"]
[Black "Skliarov, Viktor"]
[WhiteFideId "2208466"]
[BlackFideId "14106736"]
[WhiteElo "2429"]
[BlackElo "2229"]
[Result "0-1"]
[Round "04"]
[TimeControl "180+1"]
[Date "2022.06.28"]
[WhiteClock "0:00:09"]
[BlackClock "0:00:04"]

1. d4 Nf6 2. Nf3 g6 3. c4 Bg7 4. Nc3 O-O 5. e4 d6 6. Be2 Bg4 7. Be3 Nc6 8. d5 Bxf3 9. Bxf3 Ne5 10. Be2 c6 11. f4 Ned7 12. O-O cxd5 13. cxd5 Qa5 14. Bf3 Rfc8 15. Bd4 Ne8 16. Bxg7 Nxg7 17. Kh1 h5 18. Qe2 Nb6 19. f5 Nc4 20. Rac1 Ne5 21. Qe3 Kh7 22. Qg5 Rc7 23. Be2 Rac8 24. f6 exf6 25. Rxf6 Qb6 26. Qd2 Qb4 27. Rcf1 a6 28. a3 Qc5 29. h3 b5 30. g4 hxg4 31. hxg4 b4 32. axb4 Qxb4 33. Kg2 Rxc3 34. bxc3 Qxe4+ 35. Bf3 Nxf3 36. R6xf3 Qxg4+ 37. Rg3 Qe4+ 38. Rff3 Nf5 39. Rh3+ Kg7 40. Kg1 a5 41. Rxf5 Qxf5 42. Qh6+ Kf6 43. Kh1 Qxd5+ 44. Kh2 Qe5+ 45. Kh1 Qe4+ 46. Kh2 Qe2+ 47. Kh1 Rc5 48. Qh4+ Ke6 49. Kg1 Rf5 50. Qc4+ Qxc4 0-1


[Site "https://www.chess.com"]

[Event "Titled Tuesday Blitz June 28 Early 2022"]
[White "Tari, Aryan"]
[Black "Guz, Ari"]
[WhiteFideId "1510045"]
[BlackFideId "2825759"]
[WhiteElo "2567"]
[BlackElo "1913"]
[Result "1-0"]
[Round "04"]
[TimeControl "180+1"]
[Date "2022.06.28"]
[WhiteClock "0:00:15"]
[BlackClock "0:00:04"]

1. Nf3 Nf6 2. c4 e6 3. Nc3 d5 4. e3 a6 5. b3 Be7 6. Bb2 O-O 7. Be2 dxc4 8. bxc4 b6 9. d4 Bb7 10. Qb3 c5 11. O-O cxd4 12. exd4 Nbd7 13. Rfd1 Qc7 14. d5 Nc5 15. Qc2 Rfd8 16. dxe6 Nxe6 17. Qf5 Qc5 18. Nd5 Nxd5 19. cxd5 Rxd5 20. Ne5 Bf6 21. Rxd5 Qxd5 22. Bf3 Qb5 23. Bxb7 Qxb2 24. Rb1 Rd8 25. Ng4 Qc3 26. Nxf6+ Qxf6 27. Qxf6 gxf6 28. Bxa6 Ra8 29. Bd3 Rxa2 30. Rxb6 Ra1+ 31. Bf1 Kg7 32. g3 Ng5 33. Kg2 Ra2 34. Rb4 f5 35. Bd3 Kg6 36. Rf4 Ra5 37. g4 Kg7 38. Bxf5 f6 39. h4 Nf7 40. Rb4 Nh6 41. Rb7+ Kf8 42. Be6 Re5 43. Rxh7 1-0


[Site "https://www.chess.com"]